 Dungeon Crawl Stone Soup version 0.17-a0-2069-g0f4ee5b (webtiles) character file.

144 Shim the Charmwright (level 5, -2/34 HPs)
             Began as a High Elf Skald on Oct 13, 2015.
             Succumbed to an orc's poison
             ... on level 2 of the Dungeon.
             The game lasted 00:14:50 (4170 turns).

Shim the Charmwright (High Elf Skald)               Turns: 4170, Time: 00:14:50

Health: -2/34      AC:  4    Str: 11    XL:     5   Next: 5%
Magic:  3/10       EV: 12    Int: 17    God:
Gold:   117        SH:  0    Dex: 17    Spells: 3 memorised, 4 levels left

rFire  . . .     SeeInvis .     a - +0 falchion
rCold  . . .     Clarity  .     b - +0 leather armour
rNeg   . . .     SustAt   .     (no shield)
rPois  .         Gourm    .     (no helmet)
rElec  .         Spirit   .     m - +0 cloak
rCorr  .         Warding  .     (no gloves)
rMut   .         Stasis   .     (no boots)
MR     .....                    (no amulet)
Stlth  ++........               (no ring)
                                e - +3 ring of dexterity

@: lethally poisoned (-2 -> -32), very slightly contaminated, not resistant to
hostile enchantments, unstealthy
A: no striking features
a: no special abilities


You were on level 2 of the Dungeon.
You were very hungry.

You visited 1 branch of the dungeon, and saw 3 of its levels.

You collected 117 gold pieces.

Inventory:

Hand Weapons
 a - a +0 falchion (weapon)
Armour
 b - a +0 leather armour (worn)
 m - a +0 cloak (worn)
 s - a +0 ring mail
Jewellery
 e - a +3 ring of dexterity (left hand)
Scrolls
 g - 3 scrolls of teleportation {unknown}
 h - 2 scrolls of blinking
 j - a scroll of fear {unknown}
 p - a scroll of fog {unknown}
 t - a scroll of random uselessness {unknown}
 w - a scroll of identify {unknown}
Potions
 i - a potion of flight {unknown}
 k - 2 potions of agility {unknown}
 n - a potion of curing
 r - a potion of invisibility {unknown}
 u - a potion of heal wounds {unknown}
 x - a potion of lignification {unknown}
 z - a potion of brilliance {unknown}
Books
 c - a book of Battle

   Spells                             Type                      Level
   a - Infusion                       Charms                       1
   b - Shroud of Golubria             Charms/Translocation         2
   c - Song of Slaying                Charms                       2
   d - Spectral Weapon                Hexes/Charms                 3
   e - Regeneration                   Charms/Necromancy            3
Comestibles
 d - 3 bread rations
 f - 2 meat rations
 l - a royal jelly
 o - 2 beef jerkies
 q - 2 fruits
 v - 3 chunks of flesh


   Skills:
 + Level 2.2 Fighting
 + Level 3.1 Long Blades
 + Level 1.9 Armour
 + Level 2.4 Dodging
 * Level 2.0 Stealth
 + Level 3.2 Spellcasting
 + Level 4.2 Charms
 + Level 0.4 Translocations


You had 4 spell levels left.
You knew the following spells:

 Your Spells              Type           Power        Failure   Level  Hunger
a - Infusion              Chrm           ###...       4%          1    None
b - Regeneration          Chrm/Necr      #.........   34%         3    ###....
c - Shroud of Golubria    Chrm/Tloc      ##........   14%         2    ##.....


Dungeon Overview and Level Annotations

Branches:
Dungeon (3/15)

Altars:
Ashenzari
Dithmenos
Gozag
Vehumet

Annotations:
D:2 Sigmund


Message History

You are lethally poisoned!
You closely miss the orc.
The orc is lightly wounded.
* * * LOW HITPOINT WARNING * * *
You feel very sick. The orc barely misses you.
You hit the orc but do no damage.
The orc is lightly wounded.
* * * LOW HITPOINT WARNING * * *
You feel sick. The orc hits you with a whip of venom.
* * * LOW HITPOINT WARNING * * *
You are more poisoned.
You hit the orc.
The orc is severely wounded.
* * * LOW HITPOINT WARNING * * *
You feel sick. The orc hits you but does no damage.
You hit the orc but do no damage.
The orc is severely wounded.
Your skin stops crawling.
You die...

### #.###############
#...............#
#.#############.# #.# #.#
#.# #.# #.# ###########.#
#########.###..o........#
................@########
#############.#########
#....#.......#
#.####.#####.# #
#.####.### #.# #
#.#......# #.# #
#.#.##.#.# #.# ######
#.#....#.# #.# .....#
#.######.# #.#


You could see an orc.

Vanquished Creatures
  4 adders
  4 gnolls (D:2)
  3 worms (D:2)
  A giant gecko (D:2)
  An orc (D:3)
  A ball python (D:2)
  6 bats
  4 giant cockroaches
  8 goblins
  8 hobgoblins
  3 jackals (D:2)
  5 kobolds
  A quokka (D:2)
  3 giant newts
  5 rats
57 creatures vanquished.

Notes
Turn   | Place    | Note
--------------------------------------------------------------
     0 | D:1      | Shim the High Elf Skald began the quest for the Orb.
     0 | D:1      | Reached XP level 1. HP: 14/14 MP: 4/4
   480 | D:1      | Reached skill level 1 in Armour
   535 | D:1      | Reached XP level 2. HP: 1/19 MP: 1/6
   898 | D:1      | Found a radiant altar of Vehumet.
  1908 | D:2      | Reached XP level 3. HP: 20/24 MP: 2/8
  1956 | D:2      | Learned a level 3 spell: Regeneration
  1959 | D:2      | Learned a level 2 spell: Shroud of Golubria
  2046 | D:2      | Reached skill level 4 in Charms
  2242 | D:2      | Reached skill level 1 in Stealth
  2348 | D:2      | Noticed Sigmund
  2597 | D:2      | Reached XP level 4. HP: 19/29 MP: 2/9
  3558 | D:2      | Found a shattered altar of Ashenzari.
  3720 | D:2      | Found an opulent altar of Gozag.
  4015 | D:3      | Reached XP level 5. HP: 31/34 MP: 5/10
  4106 | D:3      | Found a shadowy altar of Dithmenos.
  4160 | D:2      | HP: 1/34 [something (12)]
  4168 | D:2      | HP: 1/34 [orc/whip of venom (1)]
  4170 | D:2      | Succumbed to an orc's poison

Vault maps used:
D:1:      dpeg_arrival_lava_altar
D:2:      nicolae_gozag_seed_capital, ashenzari_altar_1, uniq_sigmund
D:3:      lemuel_doored_altar, serial_curves, eino_curves_03, eino_curves_03,
          eino_curves_02, eino_curves_01, first_bread,
          grunt_dithmenos_smoke_and_mirrors

Action                   |  1- 3 |  4- 6 || total
-------------------------+-------+-------++-------
Melee: Falchion          |   155 |   114 ||   269
 Cast: Infusion          |    10 |     5 ||    15
       Shroud of Golubri |     5 |    10 ||    15
       Regeneration      |     1 |     4 ||     5
  Use: Scroll            |     3 |       ||     3
       Potion            |       |     1 ||     1
 Stab: Sleeping          |     2 |     1 ||     3
  Eat: Chunk             |     6 |     5 ||    11
